 Dungeon Crawl Stone Soup version 0.13-a0-3016-gcb2faac (webtiles) character file.

5151 Sachiko the Cleaver (level 10, -2/93 HPs)
             Began as a Lava Orc Abyssal Knight on Sept 10, 2013.
             Was the Champion of Lugonu.
             Succumbed to a soldier ant's poison
             ... on Level 10 of the Dungeon.
             The game lasted 00:35:30 (8545 turns).

Sachiko the Cleaver (Lava Orc Abyssal Knight)       Turns: 8545, Time: 00:35:30

HP  -2/93        AC 16     Str 19      XL: 10   Next: 29%
MP  15/15        EV 10     Int 12      God: Lugonu [******]
Gold 160         SH  0     Dex 10      Spells:  1 memorised,  6 levels left

Res.Fire  : + . .   See Invis. : .   a - +3 orc hand axe {=f}
Res.Cold  : . . .   Warding    : .   g - +1 ring mail
Life Prot.: + . .   Conserve   : .   (no shield)
Res.Poison: .       Res.Corr.  : .   n - +0 helmet
Res.Elec. : .       Clarity    : .   r - +0 cloak
Sust.Abil.: . .     Spirit.Shd : .   (no gloves)
Res.Mut.  : .       Stasis     : .   w - +0 pair of boots
Res.Rott. : .       Flight     : .   (no amulet)
Saprovore : + . .                    q - cursed ring of positive energy
                                     (no ring)

@: extremely poisoned, slow, somewhat resistant to hostile enchantments,
extremely unstealthy
A: conserve scrolls, +10% hp, saprovore 1
a: Depart the Abyss, Bend Space, Banish, Corrupt, Enter the Abyss, Renounce
Religion


You were on level 10 of the Dungeon.
You worshipped Lugonu.
Lugonu was exalted by your worship.
You were very hungry.

You visited 1 branch of the dungeon, and saw 10 of its levels.
You visited the Abyss 1 time.

You collected 547 gold pieces.
You spent 407 gold pieces at shops.

Inventory:

Hand weapons
 a - a +3,+3 orcish hand axe (weapon) {=f}
Armour
 g - a +1 ring mail (worn)
 n - a +0 helmet (worn)
 r - a +0 cloak (worn)
 w - a +0 pair of boots (worn)
Magical devices
 j - a wand of frost (6)
 A - a wand of lightning (3)
 C - a wand of paralysis (5)
Comestibles
 c - 6 meat rations
 f - 4 bread rations
Scrolls
 h - 2 scrolls of enchant armour
 i - a scroll of enchant weapon I
 l - a scroll of fear
 o - 3 scrolls of teleportation
 t - 5 scrolls of remove curse
 u - a scroll of noise
 y - a scroll of enchant weapon II
 B - 4 scrolls of identify
Jewellery
 d - a -3 ring of intelligence
 q - a cursed ring of positive energy (right hand)
 z - an uncursed ring of hunger
Potions
 e - 4 potions of brilliance
 k - a potion of might
 m - a potion of strong poison
 p - a potion of confusion
 x - a potion of resistance
Books
 b - a book of Wizardry

   Spells                             Type                      Level
   Summon Elemental                   Summoning                    4
   Agony                              Necromancy                   5
   Force Lance                        Conjuration                  5
   Fireball                           Conjuration/Fire             5
   Haste                              Charms                       6
   Invisibility                       Hexes                        6
 s - a book of the Sky

   Spells                             Type                      Level
   *Flight                            Charms/Air                   3
   Airstrike                          Air                          4
   Silence                            Hexes/Air                    5
   Deflect Missiles                   Charms/Air                   6
   Conjure Ball Lightning             Conjuration/Air              7
   Tornado                            Air                          9


   Skills:
 + Level 10.2 Fighting
 + Level 12.2 Axes
 + Level 8.8 Armour
 - Level 0.7 Dodging
 + Level 3.1 Invocations
 + Level 0.9 Evocations


You had 6 spell levels left.
You knew the following spells:

 Your Spells              Type           Power        Failure   Level  Hunger
a - Flight                Chrm/Air       #.........   88%         3    ####...


Dungeon Overview and Level Annotations

Branches:
Dungeon (10/27)            Temple (0/1) D:7
    Orc: D:6-11        Lair: D:8-13

Altars:
Ashenzari
Cheibriados
Kikubaaqudgha
Makhleb
Trog
Yredelemnul
the Shining One

Shops:
D:8 !


Innate Abilities, Weirdness & Mutations

You have stony skin.
You cover ground slowly.
Your flesh is heat resistant.
Your flesh is vulnerable to cold.
Your heat harms attackers.
You bathe your surroundings in blazing heat.
You are too hot to use scrolls.
You are very good at protecting items from fire.
You can tolerate rotten meat.
You are robust (+10% HP).


Message History

You feel extremely sick.
* * * LOW HITPOINT WARNING * * *
You feel very sick.
You open the door.
* * * LOW HITPOINT WARNING * * *
You feel extremely sick.
Drink which item? (? for menu, Esc to quit)
Okay, then.
Use which ability? (? or * to list)
Okay, then.
Your movements slow.
* * * LOW HITPOINT WARNING * * *
You feel very sick.
* * * LOW HITPOINT WARNING * * *
You feel very sick.
* * * LOW HITPOINT WARNING * * *
You feel sick.
* * * LOW HITPOINT WARNING * * *
You feel very sick.
You die...

#..........<.# #
#...........# ..#
###'######### .. #.# ..
#.#### .### #....# ..#
#####.##### ########'##
#.........# #.......@.#
#.........#
+.........####.........#
#.(.......+............#
#......<..####.........#
########'## ####.######
###...# #.# #...### #.#
####.### #.## #....#
#..#


There were no monsters in sight!

Vanquished Creatures
  The ghost of 4tharraofdagon the Ruffian, an average DDMo (D:7)
  The ghost of Soner the Digger, an average GrEE (D:5)
  A steam dragon (D:7)
  A hill giant skeleton (D:7)
  A hungry ghost (D:9)
  Edmund (D:7)
  Menkaure (D:7)
  A hippogriff (D:8)
  2 necrophages (D:8)
  4 sky beasts
  A phantom (D:6)
  5 orc warriors
  An ice beast (D:7)
  A soldier ant (D:10)
  4 centaurs
  3 ogres
  Blork the orc (D:9)
  5 giant frogs
  3 killer bees (D:7)
  A goliath beetle (D:9)
  4 crimson imps
  5 orc priests
  2 scorpions
  A jelly (D:8)
  3 hounds
  10 orc wizards
  3 iguanas
  6 worker ants
  Ijyb (D:6)
  A hound skeleton (D:8)
  10 gnolls
  9 adders
  2 giant mites
  5 worms
  A giant eyeball (D:5)
  An iguana skeleton (D:7)
  2 giant geckos (D:8)
  34 orcs
  3 ball pythons
  A bat zombie (D:7)
  6 giant cockroaches
  14 goblins
  8 hobgoblins
  3 humans (D:9)
  9 kobolds
  6 quokkas
  11 bats
  A giant gecko zombie (D:8)
  11 giant newts
  A goblin skeleton (D:4)
  13 jackals
  A kobold skeleton (D:4)
  A quokka skeleton (D:9)
  10 rats
238 creatures vanquished.

Notes
Turn   | Place    | Note
--------------------------------------------------------------
     0 | Abyss:1  | Sachiko, the Lava Orc Abyssal Knight, began the quest for the Orb.
     0 | Abyss:1  | Reached XP level 1. HP: 17/17 MP: 1/1
     5 | D:1      | Escaped the Abyss
    79 | D:1      | Reached skill level 4 in Fighting
    79 | D:1      | Reached XP level 2. HP: 17/25 MP: 2/2
   561 | D:1      | Acquired Lugonu's second power
   763 | D:1      | Reached XP level 3. HP: 30/30 MP: 4/4
   979 | D:2      | Reached skill level 5 in Fighting
  1039 | D:2      | Reached XP level 4. HP: 24/38 MP: 5/5
  1325 | D:2      | Found a snail-covered altar of Cheibriados.
  1340 | D:2      | Acquired Lugonu's third power
  1523 | D:3      | Found an ancient bone altar of Kikubaaqudgha.
  1529 | D:3      | Reached XP level 5. HP: 45/45 MP: 7/7
  2525 | D:4      | Acquired Lugonu's fourth power
  2552 | D:4      | Reached skill level 5 in Axes
  2552 | D:4      | Reached XP level 6. HP: 47/52 MP: 8/8
  3249 | D:5      | Entered Level 5 of the Dungeon
  3313 | D:5      | Noticed Soner's ghost (average GrEE)
  3326 | D:5      | Killed Soner's ghost
  3326 | D:5      | Reached skill level 6 in Fighting
  3326 | D:5      | Reached XP level 7. HP: 3/59 MP: 10/10
  3681 | D:5      | Reached skill level 5 in Armour
  3790 | D:5      | Paralysed by a giant eyeball for 4 turns
  3797 | D:5      | Paralysed by a giant eyeball for 4 turns
  4263 | D:5      | Acquired Lugonu's fifth power
  4319 | D:6      | Found a glowing golden altar of the Shining One.
  4320 | D:6      | Noticed an angel
  4334 | D:6      | Found a basalt altar of Yredelemnul.
  4336 | D:6      | Noticed a profane servitor
  4372 | D:6      | Noticed Ijyb
  4384 | D:6      | Reached skill level 7 in Fighting
  4386 | D:6      | Killed Ijyb
  4389 | D:6      | Reached XP level 8. HP: 20/68 MP: 11/11
  4405 | D:6      | Found a shattered altar of Ashenzari.
  4836 | D:6      | Learned a level 3 spell: Flight
  4917 | D:7      | Noticed Menkaure
  4932 | D:7      | Killed Menkaure
  4932 | D:7      | Reached skill level 8 in Axes
  5305 | D:7      | Found a staircase to the Ecumenical Temple.
  5309 | D:7      | Noticed Edmund
  5326 | D:7      | Killed Edmund
  5326 | D:7      | Reached skill level 9 in Axes
  5685 | D:7      | Reached XP level 9. HP: 45/75 MP: 13/13
  6187 | D:7      | Reached skill level 10 in Axes
  6196 | D:7      | Noticed 4tharraofdagon's ghost (average DDMo)
  6215 | D:7      | Killed 4tharraofdagon's ghost
  6242 | D:7      | Found a bloodstained altar of Trog.
  6602 | D:8      | Found Tiumoq's Distillery.
  6674 | D:8      | Bought a potion of strong poison for 22 gold pieces
  6674 | D:8      | Bought a potion of beneficial mutation for 385 gold pieces
  6675 | D:8      | Gained mutation: You are robust (+10% HP). [potion of beneficial mutation]
  6744 | D:8      | Paralysed by you for 2 turns
  6835 | D:8      | Reached skill level 11 in Axes
  6889 | D:8      | Found a burning altar of Makhleb.
  7262 | D:9      | Reached XP level 10. HP: 83/93 MP: 14/14
  7379 | D:9      | Noticed Blork the orc
  7521 | D:9      | Reached skill level 10 in Fighting
  7892 | D:9      | Killed Blork the orc
  8233 | D:9      | Reached skill level 12 in Axes
  8378 | D:10     | Entered Level 10 of the Dungeon
  8545 | D:10     | Succumbed to a soldier ant's poison

Action                   |  1- 3 |  4- 6 |  7- 9 | 10-12 || total
-------------------------+-------+-------+-------+-------++-------
Melee: Hand axe          |    69 |   207 |   464 |   143 ||   883
 Cast: Flight            |       |       |     1 |       ||     1
Invok: Bend Space        |       |       |       |     1 ||     1
       Banish            |       |       |       |     1 ||     1
Evoke: Wand              |       |       |     3 |     2 ||     5
  Use: Scroll            |     7 |     4 |     9 |     1 ||    21
       Potion            |     1 |     6 |     5 |     1 ||    13
